AoeStats
← rauni11

Arena

510617195Analyzed
4v4 RM · 2d ago on Oct 1, 2026· 55m 41s· 8 players
Game mode
Random Map
Map size
Large (8 player)
Population
200
Speed
Normal
Resources
Standard
Victory
Conquest
Starting age
Dark Age
Ending age
Imperial Age
RankedLock teamsTeams togetherTeam positionsShared explorationLock speedFull tech treeHidden civsTurbo modeCheats
Victory
Defeat
🇮🇹 Turks · Italy
887
+15
🇨🇳 Franks · China
881
+15
🇲🇽 Saracens · Mexico
870
+16
🇨🇱 Ethiopians · Chile
865
+16
🇹🇷 Bulgarians · Türkiye
881
-16
🇦🇹 Mongols · Austria
869
-16
🇪🇸 Byzantines · Spain
865
-15
🇫🇷 Lithuanians · France
863
-29
INOX
1:02 Loom
11:54 Feudal Age
14:46 Wheelbarrow
18:04 Castle Age
16:44 Wheelbarrow
16:57 Double-Bit Axe
17:04 Horse Collar
18:06 Scale Barding Armor
18:02 Scale Mail Armor
18:13 Forging
18:28 Gold Mining
18:40 Town Watch
23:32 Pikeman
26:34 Bow Saw
30:16 Chain Mail Armor
30:37 Iron Casting
31:24 Fervor
31:19 Devotion
31:43 Sanctity
33:34 Squires
33:20 Arson
35:23 Husbandry
37:40 Chain Barding Armor
38:38 Hand Cart
38:48 Bloodlines
39:37 Town Patrol
44:34 Imperial Age
42:53 Heavy Plow
43:53 Iron Casting
44:48 Cavalier
47:20 Paladin
49:36 Light Cavalry
50:23 Halberdier
rauni11
10:51 Feudal Age
14:36 Castle Age
12:44 Double-Bit Axe
18:27 Bow Saw
18:20 Loom
22:43 Horse Collar
23:38 Stone Mining
27:16 Wheelbarrow
27:25 Fletching
31:51 Imperial Age
30:11 Fletching
30:39 Hand Cart
30:41 Masonry
31:00 Bodkin Arrow
33:23 Bracer
33:25 Padded Archer Armor
34:28 Chemistry
35:29 Nomads
34:56 Elite Mangudai
39:14 Bloodlines
39:05 Husbandry
38:47 Onager
39:48 Fortified Wall
41:06 Siege Onager
43:31 Conscription
46:21 Leather Archer Armor
50:49 Hoardings
WoMoNeR
11:44 Feudal Age
16:46 Castle Age
16:10 Double-Bit Axe
16:19 Horse Collar
28:11 Husbandry
28:07 Loom
32:01 Wheelbarrow
34:29 Imperial Age
33:11 Gold Mining
33:12 Stone Mining
34:24 Hand Cart
35:07 Heavy Camel Rider
37:08 Forging
37:04 Scale Barding Armor
40:52 Iron Casting
40:39 Chain Barding Armor
MHPL
0:30 Loom
11:35 Feudal Age
12:40 Double-Bit Axe
12:39 Horse Collar
18:44 Arson
27:11 Castle Age
28:08 Town Watch
43:03 Wheelbarrow
42:40 Town Watch
48:16 Hand Cart
48:01 Town Patrol
48:46 Caravan
49:16 Coinage
53:49 Forging
53:39 Scale Mail Armor
53:44 Scale Barding Armor
53:39 Padded Archer Armor
53:29 Fletching
56:28 Iron Casting
56:08 Chain Mail Armor
56:13 Chain Barding Armor
56:09 Leather Archer Armor
55:49 Bodkin Arrow
56:00 Bodkin Arrow
VicRoldanG
0:37 Loom
11:53 Feudal Age
14:02 Double-Bit Axe
14:11 Gold Mining
16:31 Castle Age
15:16 Horse Collar
16:10 Gold Mining
17:56 Wheelbarrow
19:16 Bow Saw
21:03 Heavy Plow
22:22 Hand Cart
24:32 Scale Barding Armor
25:40 Town Watch
25:47 Stone Mining
27:39 Gold Shaft Mining
27:33 Forging
28:50 Murder Holes
30:41 Bloodlines
30:32 Husbandry
31:49 Fletching
36:52 Imperial Age
35:11 Masonry
36:40 Chain Barding Armor
38:54 Chemistry
38:47 Conscription
39:59 Coinage
39:29 Caravan
40:49 Light Cavalry
42:24 Elite Mameluke
43:24 Conscription
45:09 Iron Casting
46:04 Hussar
53:03 Blast Furnace
54:24 Banking
55:03 Siege Engineers
55:19 Ballistics
Carrizuwu
10:57 Feudal Age
11:41 Double-Bit Axe
15:53 Castle Age
14:56 Horse Collar
18:52 Bow Saw
26:08 Crossbowman
27:43 Heavy Plow
28:09 Padded Archer Armor
32:29 Caravan
34:00 Ballistics
33:34 Fletching
34:00 Leather Archer Armor
36:49 Bodkin Arrow
37:06 Forging
36:57 Scale Mail Armor
41:40 Imperial Age
39:46 Wheelbarrow
38:57 Loom
38:58 Town Watch
40:01 Thumb Ring
41:54 Arbalester
42:39 Bracer
43:10 Ring Archer Armor
45:34 Chemistry
44:40 Siege Engineers
44:46 Masonry
44:33 Murder Holes
44:49 Elite Skirmisher
46:24 Capped Ram
48:12 Siege Ram
51:13 Iron Casting
50:03 Halberdier
50:44 Squires
52:55 Siege Ram
LeadSlug
10:24 Feudal Age
14:33 Castle Age
23:09 Horse Collar
23:56 Heavy Plow
24:28 Fletching
26:08 Wheelbarrow
25:18 Loom
26:54 Double-Bit Axe
33:19 Imperial Age
31:13 Fortified Wall
31:00 Gold Mining
32:27 Gold Shaft Mining
32:03 Town Watch
32:40 Padded Archer Armor
33:43 Husbandry
33:54 Bloodlines
34:29 Conscription
34:30 Heavy Camel Rider
38:54 Artillery
39:46 Conscription
39:57 Elite Janissary
41:21 Forging
41:16 Scale Barding Armor
43:14 Iron Casting
43:03 Stone Mining
44:10 Hoardings
43:52 Masonry
45:15 Hand Cart
46:09 Caravan
47:41 Blast Furnace
47:01 Chain Barding Armor
47:59 Architecture
48:06 Hoardings
47:56 Town Patrol
52:30 Plate Barding Armor
52:12 Leather Archer Armor
Angelo
1:50 Loom
12:07 Feudal Age
12:48 Double-Bit Axe
15:12 Gold Mining
20:06 Castle Age
18:41 Stone Mining
19:54 Wheelbarrow
21:04 Bow Saw
21:48 Gold Shaft Mining
24:15 Ordonnance Companies
25:00 Husbandry
26:49 Forging
26:45 Scale Barding Armor
27:42 Caravan
29:16 Hand Cart
34:06 Imperial Age
31:43 Town Watch
32:37 Iron Casting
32:22 Chain Barding Armor
32:50 Chain Barding Armor
34:17 Pikeman
34:43 Gambesons
34:58 Squires
34:43 Arson
34:28 Cavalier
36:30 Blast Furnace
35:36 Chivalry
36:14 Conscription
36:48 Plate Barding Armor
37:10 Treadmill Crane
37:26 Murder Holes
37:42 Fortified Wall
38:32 Chemistry
39:58 Ballistics
39:39 Paladin
41:13 Elite Throwing Axeman
42:56 Scale Mail Armor
42:50 Fletching
43:03 Padded Archer Armor
Connection lost

Rejoining the realm…

Still unreachable

The connection could not be restored.

Session expired

The server has moved on; the page needs a fresh start.